Map: Persephone LE

Players

Classic - Winner!

  • Race: Protoss Protoss
  • Spawn Location: 7:00

Serral

  • Race: Zerg Zerg
  • Spawn Location: 11:00

Event: DreamHack Dallas 2025

VOD

Have the link to the VOD?

Description

Time

  • Played on: May 25, 2025, 1:37 p.m.
  • Length: 27:12

All games in this series

Show
View Real Time Build Order
Export as new Build Order

Classic Protoss - Winner!

Build Orders: Oracle Opening, Carriers 

Get SALT Encoding   

  12  0:00  Probe  
  13  0:12  Probe  
  14  0:20  Pylon  
  14  0:24  Probe  
  15  0:34  Probe  
  15  0:42  Forge, Probe  
  17  0:52  Probe  
  18  1:16  Pylon  
  18  1:24  Pylon  
  18  1:25  Pylon  
  18  1:30  Pylon  
  18  1:34  Photon Cannon  
  18  1:43  Pylon  
  18  1:44  Pylon  
  18  1:55  Probe  
  18  1:57  Nexus  
  18  1:59  Gateway  
  19  2:04  Probe  
  19  2:05  Assimilator  
  20  2:08  Assimilator  
  20  2:12  Probe  
  20  2:20  Probe  
  21  2:23  Gateway  
  21  2:28  Probe  
  22  2:37  Probe  
  23  2:43  Pylon  
  24  2:47  Cybernetics Core  
  24  2:49  Probe  
  25  2:55  Zealot  
  27  3:02  Pylon, Probe  
  27  3:05  Probe  
  28  3:10  Probe  
  29  3:13  Probe  
  29  3:18  Probe  
  31  3:23  Probe  
  31  3:25  Stargate  
  33  3:29  Probe  
  33  3:31  Adept  
  36  3:35  Probe  
  36  3:37  Adept  
  39  3:41  Probe  
  39  3:43  Warp Gate  
  40  3:48  Photon Cannon  
  40  3:55  Probe  
  40  3:56  Probe  
  40  3:58  Pylon  
  40  3:59  Oracle  
  45  4:15  Adept  
  45  4:16  Probe x2, Adept  
  49  4:19  Pylon  
  49  4:23  Assimilator  
  49  4:27  Oracle  
  49  4:37  Probe x2  
  54  4:43  Nexus  
  54  4:47  Pylon  
  54  4:57  Twilight Council  
  54  5:01  Pylon, Assimilator  
  54  5:05  Probe x2  
  54  5:06  Protoss Ground Weapons Level 1  
  56  5:17  Probe x2  
  58  5:23  Gateway  
  58  5:24  Gateway  
  58  5:29  Probe x2  
  58  5:31  Stalker  
  58  5:33  Adept  
  64  5:41  Probe x2  
  66  5:45  Blink  
  66  5:53  Probe x2  
  66  5:55  Gateway  
  66  5:56  Gateway  
  68  5:58  Stalker  
  68  5:59  Stalker  
  72  6:06  Probe x2  
  72  6:07  Probe  
  75  6:14  Probe  
  75  6:15  Probe  
  75  6:18  Probe  
  71  6:22  Shield Battery, Probe  
  71  6:23  Probe  
  70  6:26  Templar Archives  
  70  6:30  Probe  
  70  6:32  Probe  
  73  6:33  Probe  
  73  6:34  Stalker x2  
  73  6:38  Assimilator  
  79  6:40  Assimilator  
  79  6:42  Probe  
  79  6:44  Pylon  
  79  6:46  Psionic Storm  
  80  6:50  Stalker x2  
  84  6:55  Protoss Ground Weapons Level 2  
  84  6:56  Pylon, Probe  
  84  6:57  Pylon  
  84  7:00  Pylon  
  85  7:02  Probe x2  
  87  7:10  Photon Cannon  
  87  7:12  Pylon, Probe  
  87  7:14  Probe x2  
  90  7:18  Forge  
  90  7:20  High Templar x2  
  90  7:21  High Templar  
  96  7:35  Probe  
  96  7:36  Probe x2  
  93  7:37  Nexus  
  93  7:39  Pylon, High Templar  
  93  7:42  Robotics Facility  
  95  7:48  Charge  
  95  7:53  Pylon  
  95  7:55  Photon Cannon  
  95  7:56  Gateway  
  95  7:59  Gateway  
  95  8:00  Pylon, Protoss Shields Level 1  
  95  8:02  High Templar x2, Zealot  
  95  8:04  Zealot  
  103  8:06  Archon  
  103  8:08  Probe, Photon Cannon  
  103  8:09  Probe  
  103  8:10  Probe  
  106  8:20  Probe  
  106  8:21  Probe  
  106  8:22  Photon Cannon  
  106  8:23  Probe  
  106  8:25  High Templar  
  111  8:30  High Templar  
  111  8:32  Probe  
  111  8:33  Probe, Photon Cannon  
  115  8:35  Probe  
  115  8:36  Photon Cannon  
  115  8:37  Observer, Pylon  
  116  8:44  Probe  
  116  8:45  Probe  
  116  8:47  Probe  
  120  8:52  Assimilator  
  120  8:54  Photon Cannon  
  120  8:56  Stargate  
  120  8:57  Fleet Beacon, Immortal  
  120  9:08  Pylon  
  124  9:10  Assimilator  
  124  9:22  Nexus  
  124  9:24  Pylon  
  124  9:26  Probe x4  
  124  9:30  High Templar  
  124  9:31  High Templar, Zealot x4  
  138  9:33  Protoss Air Weapons Level 1  
  138  9:36  Immortal  
  140  9:39  Pylon, Probe x4  
  143  9:45  Protoss Ground Weapons Level 3  
  143  9:50  Photon Cannon  
  147  9:52  Photon Cannon  
  147  9:54  Photon Cannon  
  147  10:03  Pylon  
  147  10:08  Archon  
  147  10:09  Tempest  
  147  10:12  Observer  
  147  10:16  Mothership, Tempest  
  147  10:17  Shield Battery, Assimilator  
  147  10:18  Protoss Shields Level 2  
  147  10:19  Assimilator  
  164  10:34  Photon Cannon  
  164  10:36  Photon Cannon  
  164  10:39  Immortal, Photon Cannon  
  164  10:41  Shield Battery  
  168  10:44  Zealot x3  
  168  10:45  Zealot x3  
  168  10:49  Tempest  
  178  11:03  Zealot x2  
  182  11:04  Tempest  
  179  11:15  Zealot x6  
  191  11:19  Stargate  
  191  11:22  Photon Cannon  
  191  11:23  Photon Cannon  
  191  11:25  Photon Cannon  
  191  11:26  Shield Battery  
  191  11:33  Tempest  
  191  11:37  Tempest  
  195  11:50  Gateway  
  195  11:53  Gateway  
  183  11:55  Gateway x2  
  183  12:07  High Templar x2  
  183  12:08  High Templar x4  
  193  12:09  High Templar  
  193  12:10  High Templar, Nexus  
  193  12:11  Observer  
  193  12:12  Pylon  
  193  12:13  Archon  
  193  12:14  Archon x2  
  197  12:25  Oracle  
  196  12:40  Zealot x4  
  196  12:41  Zealot  
  196  12:47  Observer  
  196  12:50  Photon Cannon  
  196  12:53  Photon Cannon x2  
  196  12:54  Dark Shrine, Photon Cannon  
  196  12:55  Protoss Shields Level 3  
  197  13:01  Observer  
  198  13:20  Photon Cannon  
  198  13:23  Photon Cannon  
  195  13:35  Tempest  
  198  13:51  Zealot  
  200  14:01  Archon  
  200  14:12  Unknown  
  194  14:45  Observer  
  187  14:47  Dark Templar x4  
  192  15:06  Immortal  
  183  15:11  Observer, Zealot x6  
  193  15:22  Tempest  
  193  15:24  Stargate  
  197  15:29  Nexus  
  197  15:52  Carrier  
  193  15:57  Mothership  
  193  16:01  Pylon  
  193  16:06  Warp Prism  
  184  16:14  Tempest  
  172  16:21  Carrier  
  168  16:28  Carrier  
  174  16:33  Archon x2  
  174  16:34  Immortal  
  174  16:39  Probe x4  
  176  16:46  Probe  
  181  16:51  Probe x4  
  185  16:55  Zealot x4  
  185  16:56  High Templar, Tempest  
  185  16:57  Protoss Air Weapons Level 2  
  185  16:58  Probe  
  194  17:02  High Templar x3  
  194  17:03  Probe  
  199  17:13  Pylon  
  199  17:16  Protoss Ground Armor Level 1  
  195  17:33  Photon Cannon  
  195  17:34  Photon Cannon  
  195  17:35  Zealot x3  
  195  17:36  Zealot  
  199  17:37  Photon Cannon  
  199  17:38  Assimilator, Photon Cannon  
  199  17:39  Photon Cannon  
  199  17:40  Assimilator, Photon Cannon  
  199  17:41  Photon Cannon  
  199  17:42  Photon Cannon x2  
  199  17:43  Photon Cannon  
  199  17:44  Photon Cannon  
  199  17:47  Warp Prism  
  197  18:07  Nexus  
  197  18:10  Pylon  
  197  18:17  Dark Templar  
  191  18:39  Carrier  
  182  18:58  Dark Templar x3  
  182  18:59  Observer  
  182  19:10  Oracle  
  182  19:12  Warp Prism  
  182  19:15  Carrier x2  
  189  19:33  Photon Cannon x2  
  189  19:38  Pylon  
  189  19:40  High Templar x2  
  189  19:41  High Templar x2  
  189  19:43  Carrier  
  189  19:45  Archon  
  199  19:51  Protoss Ground Armor Level 2  
  199  19:55  Protoss Air Weapons Level 3  
  199  19:59  Assimilator  
  199  20:07  Photon Cannon  
  199  20:09  Photon Cannon  
  199  20:11  Photon Cannon  
  199  20:13  Photon Cannon  
  199  20:15  Shield Battery  
  199  20:26  Tempest  
  193  20:37  Zealot x3  
  193  20:41  Photon Cannon  
  199  20:43  Photon Cannon  
  199  20:45  Photon Cannon  
  199  20:46  Shield Battery  
  199  20:57  Assimilator  
  193  21:27  Tempest x2  
  183  21:37  Nexus  
  183  21:39  Pylon, High Templar x3  
  197  21:41  High Templar  
  197  21:44  Zealot x2  
  197  21:57  Zealot  
  199  22:09  Photon Cannon x2  
  199  22:12  Photon Cannon  
  199  22:13  Photon Cannon  
  199  22:16  Photon Cannon  
  199  22:19  Photon Cannon  
  199  22:20  Dark Templar, Shield Battery  
  194  22:29  High Templar x3  
  200  22:32  High Templar  
  200  22:35  Archon  
  198  22:46  Protoss Air Armor Level 1  
  198  22:50  High Templar  
  200  22:52  Assimilator  
  200  22:56  Assimilator  
  192  23:06  Carrier x3  
  180  23:19  High Templar  
  194  23:20  High Templar  
  194  23:22  Zealot x2  
  200  23:29  Warp Prism  
  198  23:53  Stargate  
  198  23:57  Stargate  
  198  24:02  Stargate  
  198  24:05  Dark Templar  
  198  24:06  Shadow Stride  
  198  24:13  Carrier  
  198  24:17  Carrier  
  198  24:18  Carrier  
  198  24:24  Carrier  
  197  24:27  Carrier  
  197  24:28  Carrier, Zealot x9  
  187  24:36  Carrier  
  181  24:47  Zealot  
  181  24:48  Zealot x6  
  189  25:04  Zealot  
  189  25:05  Zealot x2  
  195  25:14  High Templar x7  
  187  25:18  Mothership  
  189  25:26  Archon, High Templar x2  
  189  25:28  High Templar  
  195  25:29  Observer  
  195  25:33  Archon  
  196  25:47  High Templar x2  
  200  25:51  Archon  
  180  26:34  Archon x2  
  180  26:35  Zealot x10  
  171  26:49  Observer  
  162  26:56  Stalker x10  
Show
View Real Time Build Order
Export as new Build Order

Serral Zerg 

Build Orders: Hatch First, Lurkers 

Get SALT Encoding   

  12  0:00  Drone  
  13  0:07  Drone  
  14  0:14  Extractor  
  14  0:15  Drone  
  15  0:21  Overlord  
  16  0:42  Drone  
  16  0:45  Hatchery  
  16  0:49  Drone  
  16  0:52  Drone  
  16  0:56  Drone  
  18  1:06  Extractor  
  17  1:11  Spawning Pool  
  17  1:15  Drone  
  17  1:18  Drone  
  18  1:26  Drone  
  19  1:37  Drone  
  20  1:58  Hatchery  
  20  2:00  Queen  
  22  2:05  Overlord  
  22  2:12  Overlord  
  22  2:18  Metabolic Boost  
  22  2:25  Drone x2  
  24  2:31  Drone  
  25  2:39  Queen  
  25  2:42  Drone  
  28  2:54  Zergling x2  
  29  3:03  Zergling x2  
  30  3:08  Zergling x6  
  30  3:12  Drone  
  34  3:14  Queen  
  34  3:15  Drone  
  37  3:24  Queen  
  39  3:28  Drone x2  
  41  3:35  Drone  
  41  3:37  Evolution Chamber  
  41  3:38  Drone  
  42  3:44  Drone  
  42  3:47  Zergling x2  
  42  3:48  Drone  
  43  4:04  Hatchery  
  42  4:10  Drone  
  42  4:13  Drone  
  44  4:19  Zerg Melee Weapons Level 1, Overlord  
  44  4:22  Overlord  
  44  4:25  Overlord  
  44  4:38  Drone x6  
  49  4:41  Queen  
  49  4:44  Drone  
  53  4:48  Drone x2  
  55  4:53  Spore Crawler  
  55  4:54  Spore Crawler  
  55  4:55  Drone  
  55  4:57  Drone x2  
  55  4:59  Drone  
  57  5:01  Drone  
  57  5:04  Drone x2  
  60  5:12  Lair  
  60  5:14  Spore Crawler  
  59  5:15  Drone x2  
  59  5:16  Drone  
  61  5:24  Spawning Pool  
  61  5:25  Baneling Nest  
  61  5:26  Drone  
  61  5:27  Drone x2, Extractor  
  62  5:29  Overlord  
  62  5:34  Zergling x6  
  65  5:36  Overlord  
  65  5:41  Overlord  
  65  5:42  Drone x2  
  67  5:45  Zergling x2  
  68  5:51  Zergling x4  
  68  5:54  Zergling x6  
  73  6:00  Hatchery  
  73  6:02  Drone x3  
  73  6:03  Drone  
  73  6:04  Drone  
  77  6:07  Zergling x2  
  77  6:09  Drone x4  
  82  6:16  Drone  
  82  6:17  Drone  
  82  6:18  Drone  
  83  6:21  Overlord  
  83  6:23  Overseer, Extractor  
  83  6:24  Drone  
  83  6:25  Drone, Hydralisk Den  
  83  6:26  Extractor  
  83  6:27  Zerg Missile Weapons Level 1  
  83  6:30  Drone x5  
  85  6:33  Drone  
  85  6:38  Centrifugal Hooks  
  85  6:39  Drone x4  
  90  6:40  Overlord, Extractor  
  90  6:44  Overlord  
  89  6:51  Drone x5  
  89  6:54  Overlord  
  94  6:59  Overlord  
  94  7:00  Drone x2  
  96  7:02  Queen  
  96  7:05  Muscular Augments  
  96  7:06  Zergling x6  
  101  7:08  Zergling x2  
  101  7:09  Zergling x4  
  101  7:12  Overlord  
  101  7:14  Zergling x4  
  106  7:20  Overseer  
  106  7:24  Overlord  
  106  7:25  Drone  
  106  7:30  Drone x2, Spore Crawler  
  106  7:36  Drone, Zergling x2  
  106  7:37  Zergling x6  
  111  7:38  Hydralisk x5  
  121  7:45  Hydralisk x4  
  128  7:51  Pneumatized Carapace  
  128  7:54  Extractor x2  
  128  7:56  Drone x2  
  128  7:57  Drone  
  130  7:59  Hatchery  
  130  8:00  Hydralisk  
  130  8:01  Hydralisk x2  
  130  8:03  Baneling  
  130  8:04  Baneling x6  
  135  8:07  Hydralisk  
  135  8:08  Zergling x8  
  135  8:09  Grooved Spines  
  135  8:12  Zergling x6  
  144  8:14  Zergling x6  
  144  8:19  Overlord  
  147  8:20  Infestation Pit  
  147  8:22  Extractor  
  147  8:23  Overlord  
  147  8:25  Zergling x14  
  153  8:29  Zerg Melee Weapons Level 2  
  153  8:30  Overlord  
  153  8:36  Zergling x8  
  153  8:39  Spine Crawler  
  156  8:44  Overlord  
  156  8:46  Drone x2, Overseer  
  158  8:49  Extractor  
  158  8:53  Drone x2  
  158  8:54  Lurker Den  
  158  8:55  Zergling x2  
  158  8:56  Zergling x8  
  158  9:00  Hive  
  163  9:02  Drone  
  163  9:03  Drone x6  
  163  9:05  Drone x3  
  172  9:10  Hydralisk x2, Zergling x2  
  172  9:11  Zergling x2  
  172  9:12  Overlord  
  178  9:18  Overlord  
  178  9:23  Baneling x2  
  178  9:24  Baneling x3  
  178  9:28  Hydralisk x2  
  178  9:29  Hydralisk x2, Zergling x2  
  178  9:30  Zergling x4  
  189  9:34  Zergling x4  
  189  9:35  Zergling x4, Evolution Chamber  
  189  9:36  Baneling x7  
  192  9:45  Drone x2  
  191  9:54  Spore Crawler  
  191  9:55  Extractor  
  191  9:56  Spine Crawler  
  191  9:59  Lurker x3  
  191  10:00  Drone x3  
  191  10:02  Extractor  
  191  10:06  Drone  
  191  10:07  Drone x2, Spine Crawler  
  196  10:11  Zerg Missile Weapons Level 2  
  196  10:12  Seismic Spines, Adrenal Glands  
  195  10:17  Drone  
  195  10:18  Drone x2  
  198  10:22  Spire  
  198  10:23  Zergling x6  
  200  10:28  Hatchery  
  200  10:33  Spire  
  200  10:35  Extractor  
  197  10:38  Drone x3  
  197  10:41  Nydus Network  
  198  10:47  Zergling x8  
  195  10:55  Zergling x10  
  170  11:09  Adaptive Talons  
  170  11:10  Overseer  
  163  11:14  Zergling x16  
  170  11:18  Lurker x6  
  170  11:19  Lurker x2, Overseer  
  178  11:26  Drone x3  
  178  11:31  Drone x4  
  185  11:33  Zerg Ground Armor Level 1  
  185  11:34  Extractor  
  185  11:35  Lurker x3, Spore Crawler x3  
  185  11:36  Spore Crawler x2  
  185  11:38  Extractor  
  185  11:39  Spore Crawler x3  
  178  11:40  Spore Crawler  
  178  11:43  Drone  
  178  11:46  Greater Spire, Zerg Flyer Weapons Level 1  
  176  11:51  Overlord  
  176  11:52  Zergling x2  
  176  11:53  Zergling x12  
  176  11:55  Drone x3  
  176  11:56  Drone  
  176  12:01  Spore Crawler x2  
  179  12:04  Corruptor x4, Spore Crawler  
  179  12:05  Corruptor x4, Spore Crawler  
  192  12:11  Nydus Canal  
  192  12:14  Burrow, Neural Parasite  
  191  12:23  Corruptor  
  191  12:24  Corruptor x2  
  195  12:42  Lurker x5  
  197  12:44  Corruptor  
  197  12:47  Extractor  
  197  12:49  Drone x4  
  199  12:53  Overseer x2  
  199  13:11  Zerg Flyer Armor Level 1  
  195  13:28  Nydus Canal  
  195  13:31  Infestor x3  
  195  13:32  Viper  
  199  13:54  Drone x3  
  200  13:56  Spore Crawler  
  200  13:57  Drone, Spine Crawler  
  200  13:58  Spore Crawler x3  
  200  13:59  Corruptor x2  
  197  14:08  Corruptor  
  196  14:24  Nydus Canal  
  184  14:46  Drone  
  184  14:48  Drone, Hatchery  
  184  14:49  Drone, Zergling x2  
  184  14:50  Zergling x6  
  176  15:04  Overlord x4  
  176  15:05  Spire  
  162  15:07  Corruptor x5  
  162  15:09  Overlord  
  163  15:15  Overseer  
  163  15:16  Corruptor x2  
  163  15:17  Spawning Pool  
  163  15:18  Infestor  
  163  15:20  Overlord x10  
  168  15:24  Corruptor x5  
  168  15:25  Corruptor  
  168  15:27  Brood Lord x9  
  183  16:02  Hatchery  
  177  16:12  Lair  
  177  16:18  Drone  
  175  16:21  Zergling x10  
  175  16:22  Zergling x14  
  187  16:27  Drone x15  
  187  16:28  Drone x3  
  187  16:31  Drone x2  
  187  16:32  Hatchery  
  191  16:33  Spore Crawler  
  191  16:34  Spore Crawler  
  189  16:41  Extractor  
  189  16:43  Zergling x6  
  191  16:57  Drone  
  188  17:10  Spire  
  188  17:11  Zergling x8, Infestation Pit  
  188  17:14  Overseer x4  
  190  17:16  Overseer  
  186  17:28  Zergling x8  
  186  17:29  Zergling x4  
  186  17:57  Hive  
  186  18:04  Overseer, Nydus Canal  
  183  18:14  Overseer  
  183  18:15  Spine Crawler  
  178  18:21  Zergling x2  
  178  18:22  Zergling x16  
  186  18:30  Zergling x2  
  186  18:31  Zergling x2  
  182  18:35  Corruptor x9  
  198  18:47  Overseer  
  194  18:55  Drone x3, Overseer  
  195  19:00  Overseer  
  195  19:02  Corruptor x2  
  193  19:10  Nydus Canal  
  193  19:17  Hatchery  
  193  19:19  Greater Spire, Infestor  
  193  19:20  Infestor x2  
  195  19:34  Drone  
  195  19:36  Hatchery  
  195  19:38  Infestor x2  
  193  19:40  Infestor x6  
  193  19:42  Drone x4  
  193  19:45  Extractor  
  198  19:46  Extractor  
  198  19:50  Corruptor  
  198  20:16  Queen x5  
  196  20:23  Queen x2  
  196  20:29  Infestor  
  196  20:41  Zergling x16, Hatchery  
  199  20:47  Infestor x2  
  199  20:49  Zergling x2, Drone x6  
  196  21:06  Zergling x8  
  200  21:11  Spire  
  200  21:12  Zerg Flyer Armor Level 2  
  200  21:14  Brood Lord  
  196  21:21  Brood Lord  
  190  21:33  Overseer  
  190  21:34  Drone x6  
  190  21:36  Infestor x2  
  190  21:37  Zergling x14  
  198  21:41  Queen x3  
  198  21:42  Queen x2  
  198  21:43  Queen x2  
  198  21:57  Zergling x4  
  199  22:07  Drone x6  
  197  22:20  Infestor x7  
  194  22:24  Corruptor  
  194  22:26  Brood Lord  
  198  22:43  Corruptor  
  176  23:17  Viper x2  
  176  23:18  Infestor x2  
  186  23:20  Drone x2  
  186  23:23  Drone x8, Brood Lord x4  
  196  23:29  Corruptor  
  196  23:32  Extractor x2  
  196  23:40  Drone x2  
  196  23:54  Hydralisk  
  196  23:55  Hydralisk x2  
  188  24:09  Hydralisk x2  
  171  24:25  Corruptor x11  
  171  24:30  Corruptor x9  
  187  24:35  Overseer  
  167  24:39  Drone x11  
  167  24:40  Corruptor x5  
  167  24:45  Brood Lord x2  
  181  24:52  Hatchery, Corruptor  
  179  24:53  Drone x8, Corruptor  
  179  24:56  Zergling x14  
  179  24:58  Drone x2  
  189  25:02  Drone x12  
  189  25:06  Hatchery  
  184  25:16  Lurker Den  
  184  25:20  Hatchery  
  177  25:31  Brood Lord x3  
  177  25:34  Corruptor x3  
  189  25:35  Infestor x2  
  189  25:40  Queen  
  189  25:41  Corruptor x2  
  195  25:45  Brood Lord  
  197  26:14  Overlord  
  197  26:15  Lurker x3  
  194  26:32  Corruptor x6  
Tags
 
Add a new tag
Caveats
  • Supply blocks, unpowered buildings, or Contaminate may cause inaccurate times.
  • Supply counts are checked every 10 seconds.